 Dungeon Crawl Stone Soup version 0.31.0-9-g3a7656b989 (webtiles) character file.

Game seed: 11155890026010988316

1448321 MacCMillion the Merfolkian Blade (level 27, 177/177 HPs)
             Began as a Merfolk Gladiator on Jan 31, 2024.
             Was an Elder of Okawaru.
             Escaped with the Orb
             ... and 3 runes on Feb 1, 2024!
             The game lasted 04:06:10 (96484 turns).

MacCMillion the Merfolkian Blade (MfGl)            Turns: 96484, Time: 04:06:10

Health: 177/177    AC: 28    Str: 18    XL:     27
Magic:  31/31      EV: 27    Int:  4    God:    Okawaru [****..]
Gold:   3442       SH: 19    Dex: 27    Spells: 23/26 levels left

rFire   + + +        a - +11 Singing Sword {sonic wave}
rCold   + + .        b - +2 kite shield {reflect}
rNeg    + . .        R - +0 fire dragon scales "Gonoi" {rF++ rC- rN+ SInv}
rPois   +            c - +1 helmet "Vien Ygy" {rElec Will+ Stlth-}
rElec   +            B - scarf {rC+ rF+}
rCorr   +            u - +2 pair of gloves
SInv    +            H - +5 pair of boots of the Evening {Will++ rCorr}
Will    +++++        x - amulet "Ristraifa" {+Inv rC+ Regen+}
Stlth   +            P - ring "Tont" {rElec rPois Will+ SInv Stlth-}
HPRegen 1.29/turn    z - ring of Qazlal's Pride {rF+ rC+ SInv Stlth+}
MPRegen 0.22/turn

%: reflection
@: studying Long Blades
A: (nimble swimmer 2), mertail, thin skeletal structure 1, dopey 2, frail 2,
screaming 2
0: Orb of Zot
}: 3/15 runes: decaying, serpentine, slimy
a: Renounce Religion, Evoke Invisibility, Heroism, Finesse


You escaped.
You worshipped Okawaru.
Okawaru was greatly pleased with you.
You visited 12 branches of the dungeon, and saw 56 of its levels.
You also visited: Bailey.

You collected 8284 gold pieces.
You spent 4842 gold pieces at shops.

Inventory:

Hand Weapons
 a - the +11 Singing Sword (weapon) {sonic wave}
   (You took it off a deep elf demonologist on level 3 of the Elven Halls)
 s - a +9 vampiric demon blade
Missiles
 d - 40 boomerangs
 e - 25 javelins
 n - 8 curare-tipped darts
 E - 15 atropa-tipped darts
 T - a silver javelin (quivered)
Armour
 b - a +2 kite shield of reflection (worn)
 c - the +1 helmet "Vien Ygy" (worn) {rElec Will+ Stlth-}
   (You found it on level 4 of the Swamp)

   rElec:     It insulates you from electricity.
   Will+:     It increases your willpower.
   Stlth-:    It makes you less stealthy.
 u - a +2 pair of gloves (worn)
 B - a scarf of resistance (worn)
 H - the +5 pair of boots of the Evening (worn) {Will++ rCorr}
   (Okawaru gifted it to you on level 2 of the Lair of Beasts)

   Will++:    It greatly increases your willpower.
   rCorr:     It protects you from acid and corrosion.
 R - the +0 fire dragon scales "Gonoi" (worn) {rF++ rC- rN+ SInv}
   (You bought it in a shop on level 4 of the Depths)

   rF++:      It greatly protects you from fire.
   rC-:       It makes you vulnerable to cold.
   rN+:       It protects you from negative energy.
   SInv:      It lets you see invisible.
Jewellery
 k - a ring of protection from fire
 w - a ring of positive energy
 x - the amulet "Ristraifa" (around neck) {+Inv rC+ Regen+}
   (You took it off an ironbound thunderhulk on level 2 of the Vaults)

   [amulet of regeneration]

   rC+:       It protects you from cold.
   +Inv:      It lets you turn invisible.
   Regen+:    It increases your rate of health regeneration.
 z - the ring of Qazlal's Pride (right hand) {rF+ rC+ SInv Stlth+}
   (You found it on level 4 of the Dungeon)

   [ring of protection from cold]

   rF+:       It protects you from fire.
   rC+:       It protects you from cold.
   SInv:      It lets you see invisible.
   Stlth+:    It makes you more stealthy.
 L - a ring of protection from cold
 P - the ring "Tont" (left hand) {rElec rPois Will+ SInv Stlth-}
   (You took it off a kobold in a bailey)

   [ring of willpower]

   rElec:     It insulates you from electricity.
   rPois:     It protects you from poison Will+: It increases your willpower.
   SInv:      It lets you see invisible.
   Stlth-:    It makes you less stealthy.
 Q - a +6 ring of dexterity
 U - a +6 ring of strength
Wands
 M - a wand of flame (74)
 X - a wand of light (19)
 Y - a wand of digging (35)
Scrolls
 i - 17 scrolls of teleportation
 j - 3 scrolls of enchant weapon
 l - 7 scrolls of enchant armour
 o - 4 scrolls of brand weapon
 q - 4 scrolls of poison
 r - a scroll of torment
 y - 7 scrolls of vulnerability
 D - 5 scrolls of revelation
 F - a scroll of silence
 I - 4 scrolls of immolation
 K - 3 scrolls of fog
 N - 4 scrolls of blinking
 V - 6 scrolls of noise
 Z - 5 scrolls of fear
Potions
 f - 4 potions of haste
 g - 5 potions of heal wounds
 m - 7 potions of enlightenment
 p - 16 potions of curing
 t - 8 potions of cancellation
 v - 7 potions of lignification
 A - 3 potions of invisibility
 C - 6 potions of might
 G - a potion of resistance
 J - 3 potions of berserk rage
 O - 4 potions of mutation
 S - 5 potions of attraction
 W - 8 potions of magic


   Skills:
 + Level 19.6 Fighting
 - Level 2.0(16.4) Short Blades
 + Level 24.5(24.6) Long Blades
 + Level 21.1 Throwing
 + Level 18.8 Armour
 - Level 22.0 Dodging
 - Level 4.0 Stealth
 + Level 16.6 Shields
 - Level 12.0 Translocations
 - Level 11.0 Invocations
 - Level 0.8 Shapeshifting


You had 23 spell levels left.
You knew the following spells:

 Your Spells              Type           Power      Damage    Failure   Level
a - Blink                 Tloc           18%        N/A       2%          2
b - Apportation           Tloc           18%        N/A       1%          1

Your spell library contained the following spells:

 Spells                   Type           Power      Damage    Failure   Level
 Vhi's Electric Charge    Tloc/Air       8%         N/A       87%         4
 Freeze                   Ice            0%         1d3       91%         1
 Kiss of Death            Conj/Necr      0%         2d5       91%         1
 Magic Dart               Conj           0%         1d3       91%         1
 Necrotise                Necr           0%         1d4       91%         1
 Sandblast                Erth           0%         2d4       91%         1
 Shock                    Conj/Air       0%         1d3       91%         1
 Slow                     Hex            0%         N/A       91%         1
 Sting                    Conj/Alch      0%         1d3       91%         1
 Cigotuvi's Dreadful Rot  Necr/Alch/Air  0%         N/A       97%         2
 Ensorcelled Hibernation  Hex/Ice        0%         N/A       97%         2
 Jinxbite                 Hex            0%         N/A       97%         2
 Mercury Vapours          Alch/Air       0%         N/A       97%         2
 Searing Ray              Conj           0%         2d4       97%         2
 Static Discharge         Conj/Air       0%         3-3/arc   97%         2
 Confusing Touch          Hex            0%         N/A       99%         3
 Dazzling Flash           Conj/Hex       0%         N/A       99%         3
 Frozen Ramparts          Ice            0%         1d1       99%         3
 Hailstorm                Conj/Ice       0%         3d5       99%         3
 Inner Flame              Hex/Fire       0%         N/A       99%         3
 Mephitic Cloud           Conj/Alch/Air  0%         N/A       99%         3
 Passwall                 Erth           0%         N/A       99%         3
 Sigil of Binding         Hex            0%         N/A       99%         3
 Stone Arrow              Conj/Erth      0%         3d7       99%         3
 Swiftness                Air            0%         N/A       99%         3
 Vampiric Draining        Necr           0%         2d6       99%         3
 Airstrike                Air            0%         2d(0-16)  100%        4
 Brom's Barrelling Bould  Conj/Erth      0%         2d3       100%        4
 Dispel Undead            Necr           0%         3d6       100%        4
 Flame Wave               Conj/Fire      0%         2d4       100%        4
 Fulminant Prism          Conj/Alch      0%         3d5       100%        4
 Ignite Poison            Fire/Alch      0%         N/A       100%        4
 Leda's Liquefaction      Alch/Erth      0%         N/A       100%        4
 Sticky Flame             Fire/Alch      0%         2d4       100%        4
 Alistair's Intoxication  Alch           0%         N/A       100%        5
 Arcjolt                  Conj/Air       0%         1d10      100%        5
 Curse of Agony           Necr           0%         N/A       100%        5
 Freezing Cloud           Conj/Ice/Air   0%         6-21      100%        5
 Lee's Rapid Deconstruct  Erth           0%         3d4*      100%        5
 Metabolic Englaciation   Hex/Ice        0%         N/A       100%        5
 Silence                  Hex/Air        0%         N/A       100%        5
 Yara's Violent Unravell  Hex/Alch       0%         3d3       100%        5
 Bombard                  Conj/Erth      0%         9d1       100%        6
 Plasma Beam              Fire/Air       0%         2x1d10    100%        6
 Enfeeble                 Hex            0%         N/A       100%        7
 Orb of Destruction       Conj           0%         9d5       100%        7
 Ozocubu's Refrigeration  Ice            0%         4d7       100%        7
 Ignition                 Fire           0%         3d3       100%        8
 Lehudib's Crystal Spear  Conj/Erth      0%         10d2      100%        8
 Polar Vortex             Ice            0%         N/A       100%        9
 Summon Small Mammal      Summ           Unusable   N/A       N/A         1
 Call Imp                 Summ           Unusable   N/A       N/A         2
 Summon Ice Beast         Ice/Summ       Unusable   N/A       N/A         3
 Animate Armour           Summ/Erth      Unusable   N/A       N/A         4
 Animate Dead             Necr           Unusable   N/A       N/A         4
 Martyr's Knell           Necr/Summ      Unusable   N/A       N/A         4
 Summon Blazeheart Golem  Fire/Summ      Unusable   N/A       N/A         4
 Summon Lightning Spire   Summ/Air       Unusable   N/A       N/A         4
 Sculpt Simulacrum        Ice/Alch       Unusable   N/A       N/A         6
 Haunt                    Necr/Summ      Unusable   N/A       N/A         7
 Malign Gateway           Summ/Tloc      Unusable   N/A       N/A         7
 Spellforged Servitor     Conj/Summ      Unusable   N/A       N/A         7
 Infestation              Necr           Unusable   N/A       N/A         8

Dungeon Overview and Level Annotations

Branches:
Dungeon (15/15) Temple (1/1) D:4 Lair (5/5) D:8 Swamp (4/4) Lair:3 Snake (4/4) Lair:2 Slime (5/5) Lair:4 Orc (2/2) D:11 Elf (3/3) Orc:2 Vaults (5/5) D:13 Crypt (3/3) Vaults:3 Tomb (0/3) Crypt:2 Crypt:3 Depths (4/4) D:15 Zot (5/5) Depths:4 Bailey (visited)

Altars:
Ashenzari
Cheibriados
Dithmenos
Elyvilon
Fedhas
Gozag
Hepliaklqana
Kikubaaqudgha
Makhleb
Nemelex Xobeh
Okawaru
Qazlal
Ru
Sif Muna
Trog
Uskayaw
Vehumet
Wu Jian
Xom
Yredelemnul
Zin
The Shining One
Jiyva

Shops:
D:1 [   D:9 [([*   Orc:2 =*[(   Elf:1 *   Elf:2 [*?   Elf:3 *   Snake:1 =:==
Snake:3 ?   Vaults:2 *   Vaults:3 :?**=   Depths:2 (*   Depths:3 [   Depths:4 [

Portals:
Hell: Depths:1 Depths:2 Depths:3 Depths:4
Abyss: Snake:1 Depths:2 Depths:3
Pandemonium: Depths:2 Depths:3 Depths:4
Ziggurat: Depths:4

Annotations:
D:6 dig
D:7 3 runed translucent doors, mrks's ghost, novice TrSh
D:12 4 transporters
Lair:4 2 transporters, Ignak's ghost, journeyman GnAE
Snake:1 2 transporters, TuffENuff's ghost, adept FoFi
Snake:3 1 runed translucent door
Elf:2 1 runed translucent door
Vaults:5 Jory
Zot:3 2 transporters, 1 runed translucent door, Sofait's ghost, legendary GnFE
Zot:5 exclusion: obsidian statue


Innate Abilities, Weirdness & Mutations

((You are very nimble when in or above water. (Stealth+, EV+, Speed+++)))
Your lower body shifts to a powerful aquatic tail in water.
You have a somewhat thin skeletal structure. (Dex +2, Stealth+)
You are very dopey. (Int -4)
You are very frail. (-20% HP)
You frequently scream uncontrollably at your foes.


Message History

Rerek gestures.
Rerek blinks!
The neqoxec gestures at you.
Strange energies course through your body.
You feel frail.
There is an open door here.
There is a stone staircase leading up here.
The neqoxec hits you but does no damage.
You climb upwards.
There is a stone staircase leading down here.
You slash the neqoxec!
The Singing Sword sings a sudden staccato note.
You send a blast of sound all around you.
You kill the neqoxec!
Okawaru accepts your kill.
No target in view!
No target in view!
No target in view!
What level of the Dungeon? (default 1, ? - help)
A sun demon comes into view.
The sun demon moves out of view.
A toenail golem comes into view.
There is a stone staircase leading up here.
You climb upwards.
There is a stone staircase leading down here.
There is an open door here.
There is a stone staircase leading up here.
You climb upwards.
There is a stone staircase leading down here.
There is a stone staircase leading up here.
You climb upwards.
There is a stone staircase leading down here.
Your legs become a tail as you enter the water.
The +5 pair of boots of the Evening {Will++ rCorr} melds into your body.
The +5 pair of boots of the Evening {Will++ rCorr} unmelds from your body.
Your legs become a tail as you enter the water.
The +5 pair of boots of the Evening {Will++ rCorr} melds into your body.
The +5 pair of boots of the Evening {Will++ rCorr} unmelds from your body.
There is a staircase leading out of the dungeon here.
You have escaped!

..†....#####...........###....#.#
..##............~.......#####....
..##>..........~~~........#####..
..##..........~≈~~~.........####.
..##.........~.....~.............
..##........~~~...~≈~............
...#.......~~~~~.~≈~≈~.......##..
...#......≈...........≈2........8
#..#.....~~~....@....~≈~.........
#..#....~~~~~.......~~~~~........
#gg#...~.....~.....~.....~.......
##.#..≈≈~...≈~~...~≈≈...~~~......
##.#.~~≈~~.~~~~~.≈~~~~.~~≈~~..##.
.#.#...).........................
.#.............................##
....####.###......##...##....>###
.#### #.# ####...##.............


You could see a hellion.

Vanquished Creatures
  the Royal Jelly (Slime:5)
  A pandemonium lord (Depths:4)
  4 dread liches (Zot:5)
  4 ancient liches
  7 orbs of fire
  A juggernaut (Depths:3)
  Josephina (Depths:2)
  3 Killer Klowns (Zot:5)
  Parghit (Zot:2)
  A curse toe (Crypt:3)
  Saint Roka (Vaults:4)
  8 golden dragons
  Norris (Depths:1)
  3 doom hounds (Vaults:3)
  17 tentacled monstrosities
  3 electric golems
  Zenata (Crypt:3)
  Rupert (Orc:2)
  A Hell Sentinel (D:11)
  Grunn (Crypt:1)
  6 liches
  26 Orb Guardians
  3 deep elf blademasters
  7 quicksilver dragons
  5 ancient champions
  3 sphinxes
  14 acid blobs
  An Executioner (D:9)
  A deep elf master archer (Elf:3)
  4 tengu reavers
  13 death cobs
  2 protean progenitors (Zot:3)
  6 shadow dragons
  4 revenants
  12 storm dragons
  Aizul (Snake:3)
  4 fenstrider witches
  5 frost giants
  A daeva (Zot:2)
  5 draconian knights
  Roxanne (Swamp:3)
  11 azure jellies
  A nagaraja (Snake:4)
  10 rockslimes
  3 draconian monks (Zot:2)
  8 vault wardens
  A balrug (Depths:1)
  3 deep elf sorcerers (Elf:3)
  A ghost moth (Zot:2)
  6 fire giants
  6 draconian shifters
  2 curse skulls
  An iron dragon (Depths:1)
  8 deep elf elementalists
  7 draconian scorchers
  A cacodemon (D:11)
  12 ironbound preservers
  5 ghouls
  2 orc warlords
  12 quicksilver oozes
  7 draconian stormcallers
  14 ironbound thunderhulks
  6 formless jellyfish
  9 draconian annihilators
  9 vampire knights
  13 dire elephants
  12 stone giants
  Nessos (D:12)
  13 black draconians
  21 very ugly things
  9 deep elf death magi
  6 deep elf demonologists
  A lorocyproca (D:11)
  5 eleionomae
  4 bunyips
  8 purple draconians
  11 red draconians
  18 white draconians
  8 green draconians
  15 yellow draconians
  The ghost of Huasawuy the Grappler, a journeyman TrHW of Okawaru (Lair:3)
  7 war gargoyles
  4 deep elf annihilators (Elf:3)
  4 spark wasps
  8 eidola
  Snorg (D:11)
  A shambling mangrove (Swamp:3)
  7 ettins
  10 jiangshi
  5 fire dragons
  8 deep elf high priests
  A crystal guardian (Vaults:4)
  6 yaktaur captains
  6 great orbs of eyes
  4 rakshasas
  Erolcha (Orc:2)
  6 peacekeepers
  A hell beast (Depths:1)
  8 ironbound frosthearts
  14 vault guards
  20 hydras
  10 ice dragons
  4 spriggan air magi
  10 centaur warriors
  A quicksilver dragon skeleton (Depths:1)
  7 salamander tyrants
  An ogre mage (D:15)
  4 deep troll shamans
  A ghost crab (Swamp:2)
  15 anacondas
  8 alligators
  2 radroaches (Zot:3)
  12 naga warriors
  7 boulder beetles
  2 catoblepae
  3 merfolk aquamancers
  5 two-headed ogres
  A satyr (Zot:3)
  A two-headed ogre (shapeshifter) (D:15)
  An Orb Guardian skeleton (Crypt:3)
  35 dancing weapons
  5 death knights
  6 death yaks (Lair:1)
  2 spriggan berserkers
  8 tengu warriors
  6 vampire magi
  6 orc high priests
  9 shock serpents
  5 soul eaters
  13 naga sharpshooters
  6 deep troll earth magi
  4 skysharks
  2 sixfirhies
  11 hell knights
  9 salamander mystics
  20 deep elf knights
  2 bog bodies
  14 skeletal warriors
  3 iron trolls
  3 shadow wraiths
  5 glowing orange brains
  An anaconda zombie (Crypt:2)
  A sea snake (Snake:2)
  23 lindwurms
  A bunyip skeleton (Crypt:1)
  8 spriggan druids
  5 goliath frogs
  2 shadow dragon zombies
  10 flayed ghosts
  10 swamp dragons
  6 naga ritualists
  56 deep trolls
  A tengu zombie (Vaults:4)
  7 arcanists
  17 deep elf archers
  A spriggan simulacrum (Depths:2)
  4 necromancers
  9 mana vipers
  13 ironbound convokers
  A large abomination (D:9)
  4 harpies
  34 deep elf pyromancers
  A jorogumo zombie (Crypt:3)
  7 phantasmal warriors
  41 deep elf zephyrmancers
  3 stone giant zombies
  11 orc knights
  A fire giant zombie (Depths:1)
  Maurice (D:8)
  8 orc sorcerers
  18 salamanders
  A tengu skeleton (Vaults:3)
  A shadow dragon skeleton (Crypt:1)
  41 ugly things
  5 oklob plants (Lair:4)
  4 cyclopes
  2 manticores (D:12)
  7 will-o-the-wisps
  7 shining eyes
  16 moths of wrath
  A frost giant skeleton (Vaults:3)
  5 kobold blastminers
  3 stone giant skeletons
  8 torpor snails
  9 vault sentinels
  10 guardian serpents
  16 elephants
  39 black mambas
  91 slime creatures
  2 water nymphs (Depths:3)
  4 eyes of devastation
  2 centaur skeletons (Crypt:3)
  6 rime drakes
  12 naga magi
  13 cane toads
  A shock serpent skeleton (Crypt:2)
  4 swamp worm zombies (Crypt:2)
  A hellion (Depths:4)
  2 unseen horrors (D:12)
  A rime drake (shapeshifter) (Elf:2)
  Maggie (D:8)
  15 komodo dragons
  6 freezing wraiths
  2 dryads
  4 tengu conjurers
  An efreet (D:14)
  17 yaktaurs
  4 ice devils (D:7)
  A redback zombie (Crypt:3)
  A merfolk (shapeshifter) (Vaults:3)
  9 trolls
  2 yaktaur skeletons (Vaults:4)
  A polar bear (Lair:1)
  4 bloated husks
  A hellwing (D:5)
  2 merfolk (Depths:3)
  A polar bear (shapeshifter) (D:15)
  26 blink frogs
  A harpy skeleton (Crypt:3)
  15 hornets
  A glass eye (Depths:3)
  An ettin zombie (Vaults:2)
  14 tyrant leeches
  Grinder (D:6)
  A blink frog (shapeshifter) (Depths:4)
  2 iron dragon simulacra (Depths:2)
  A sun moth zombie (Crypt:3)
  2 dream sheep (D:9)
  A fire giant simulacrum (Depths:2)
  A shapeshifter (D:14)
  A shadow (D:11)
  10 water elementals
  6 fire elementals
  11 wraiths
  6 air elementals (Elf:1)
  5 basilisks
  A fire bat (shapeshifter) (Elf:3)
  4 fire bats (Swamp:4)
  7 spriggans
  4 wyverns
  A human (D:13)
  A vampire (D:9)
  Eustachio (D:5)
  A black mamba skeleton (Crypt:3)
  65 yaks
  3 wargs
  An elf skeleton (Vaults:4)
  8 vampire mosquitoes
  2 steam dragons
  2 neqoxecs
  A human simulacrum (Vaults:4)
  43 nagas
  14 swamp worms
  2 acid dragons (D:9)
  18 water moccasins
  An entropy weaver zombie (Crypt:2)
  A fire bat skeleton (Crypt:2)
  An ogre skeleton (Vaults:3)
  A black bear (D:6)
  A two-headed ogre skeleton (Crypt:1)
  9 swamp drakes
  48 orc warriors
  A human zombie (Vaults:2)
  2 sky beasts
  17 laughing skulls
  5 ogres
  23 wolves
  A boggart (Vaults:1)
  2 phantoms
  3 centaurs
  7 human skeletons
  A salamander zombie (Crypt:1)
  3 kobold brigands (D:9)
  13 bullfrogs
  2 necrophages (Crypt:3)
  8 earth elementals
  A komodo dragon skeleton (Crypt:2)
  A scorpion (D:5)
  A draconian skeleton (Crypt:2)
  10 wights
  A yak zombie (Crypt:3)
  28 killer bees
  10 electric eels
  3 vampire bats (Lair:2)
  2 howler monkeys (D:6)
  A yak skeleton (Crypt:3)
  A crimson imp (D:11)
  A bullfrog zombie (Crypt:3)
  An iron imp (D:11)
  2 jellies (D:6)
  2 bombardier beetles
  Crazy Yiuf (D:4)
  28 orc priests
  4 hounds
  Jessica (D:3)
  A gnoll bouda (D:3)
  2 iguanas
  32 orc wizards
  5 hell rats (Lair:3)
  A killer bee zombie (Crypt:3)
  A brain worm zombie (Crypt:2)
  2 hound skeletons
  6 adders
  6 gnolls
  A shadow imp (D:11)
  9 white imps
  3 dart slugs
  A ribbon worm (D:2)
  107 orcs
  3 endoplasms
  5 giant cockroaches
  12 goblins
  15 hobgoblins
  7 jackals
  7 quokkas
  8 ball pythons
  14 bats
  An endoplasm zombie (Crypt:1)
  5 frilled lizards
  16 kobolds
  7 rats
  An aspiring flesh (Zot:3)
2370 creatures vanquished.

Vanquished Creatures (others)
  A curse skull (Crypt:2)
  2 eleionomae
  A deep elf archer (Elf:1)
  A deep elf zephyrmancer (Elf:1)
  2 deep elf pyromancers (Elf:1)
  A will-o-the-wisp (Swamp:2)
  2 bloated husks
  A water elemental (Elf:2)
  A vampire mosquito (Swamp:2)
  4 swamp drakes (Swamp:4)
  A small abomination (Zot:2)
  A howler monkey (D:8)
  2 orcs
  23 foxfires
43 creatures vanquished.

Grand Total: 2413 creatures vanquished

Notes
Turn   | Place    | Note
-------+----------+-------------------------------------------
     0 | D:1      | MacCMillion the Merfolk Gladiator began the quest for the
                  | Orb.
     0 | D:1      | Reached XP level 1. HP: 16/16 MP: 1/1
   102 | D:1      | Found Ididdi's Armour Boutique.
   112 | D:1      | Reached XP level 2. HP: 21/22 MP: 2/2
   113 | D:1      | Reached skill level 4 in Long Blades
   223 | D:1      | Reached XP level 3. HP: 22/27 MP: 3/3
   586 | D:2      | Reached skill level 5 in Dodging
  1145 | D:2      | Reached XP level 4. HP: 28/33 MP: 4/4
  1376 | D:2      | Reached skill level 5 in Long Blades
  1638 | D:3      | Noticed Jessica
  1645 | D:3      | Killed Jessica
  1733 | D:3      | Reached XP level 5. HP: 38/38 MP: 5/5
  2695 | D:3      | Reached skill level 6 in Long Blades
  2802 | D:3      | Reached XP level 6. HP: 28/44 MP: 6/6
  3407 | D:4      | Found a staircase to the Ecumenical Temple.
  3419 | Temple   | Found a transporter.
  3419 | Temple   | Found a transporter.
  3419 | Temple   | Found a transporter.
  3419 | Temple   | Found a transporter.
  3419 | Temple   | Entered the Ecumenical Temple
  3434 | Temple   | Became a worshipper of Warmaster Okawaru
  3548 | D:4      | Found a white marble altar of Elyvilon.
  3548 | D:4      | Found a broken altar of Ashenzari.
  3577 | D:4      | Identified the ring of Qazlal's Pride {rF+ rC+ SInv Stlth+}
  3734 | D:4      | Found a runed translucent door.
  3735 | D:4      | Noticed Crazy Yiuf
  3884 | D:4      | Found an opulent altar of Gozag.
  4050 | D:4      | Found a blossoming altar of Fedhas.
  4330 | D:4      | Killed Crazy Yiuf
  4371 | D:5      | Entered Level 5 of the Dungeon
  4818 | D:5      | Noticed Eustachio
  4956 | D:5      | Reached skill level 7 in Long Blades
  4956 | D:5      | Reached XP level 7. HP: 50/50 MP: 7/7
  5570 | D:6      | Noticed Grinder
  5696 | D:6      | Reached skill level 8 in Long Blades
  5815 | D:6      | Reached skill level 9 in Long Blades
  5967 | D:6      | Reached * piety under Okawaru
  5968 | D:6      | Reached XP level 8. HP: 43/56 MP: 8/8
  6218 | D:6      | Found a snail-covered altar of Cheibriados.
  6230 | D:6      | Reached skill level 1 in Invocations
  6262 | D:6      | Paralysed by Grinder for 5 turns
  6283 | D:6      | Killed Grinder
  6284 | D:6      | Reached skill level 10 in Long Blades
  6663 | D:6      | Reached skill level 1 in Armour
  6688 | D:6      | Reached ** piety under Okawaru
  7316 | D:6      | Reached XP level 9. HP: 25/65 MP: 11/11
  7753 | D:7      | Noticed mrks's ghost (novice TrSh)
  7783 | D:7      | Found a runed translucent gate.
  7783 | D:7      | Found a runed translucent gate.
  7785 | D:7      | Found a runed translucent gate.
  8776 | D:7      | Reached skill level 11 in Long Blades
  8857 | D:7      | Reached skill level 5 in Fighting
  9575 | D:8      | Noticed a hornet
 10138 | D:8      | Noticed Maurice
 10263 | D:8      | Found a staircase to the Lair.
 10464 | D:8      | Maurice stole a +6 ring of intelligence
 10467 | D:8      | Killed Maurice
 10468 | D:8      | Reached XP level 10. HP: 71/77 MP: 3/12
 10600 | D:8      | Noticed Maggie
 10606 | D:8      | Killed Maggie
 10607 | D:8      | Reached skill level 12 in Long Blades
 10837 | D:8      | Found a shimmering blue altar of Sif Muna.
 10840 | D:8      | Identified the +10 war axe of Gallantry {heavy, rF+ Int+4
                  | SInv Stlth-}
 11031 | D:9      | Found Socifek's Armour Boutique.
 11109 | D:9      | Found a flagged portal.
 11296 | Bailey   | Entered a bailey
 11361 | Bailey   | Noticed an orc knight
 11374 | Bailey   | Identified the ring "Tont" {rElec rPois Will+ SInv Stlth-}
 11485 | Bailey   | Killed an orc knight
 11696 | Bailey   | Reached *** piety under Okawaru
 11973 | D:9      | Found Ymoux's Antique Weapon Emporium.
 12006 | D:9      | Found Wimae's Antique Armour Shoppe.
 12012 | D:9      | Bought a transparent ring mail for 252 gold pieces
 12012 | D:9      | Identified the +0 ring mail of Indecent Exposure {rElec rF+
                  | Slay+5} (You bought it in a shop on level 9 of the Dungeon)
 12012 | D:9      | Bought an ancient kite shield for 266 gold pieces
 12012 | D:9      | Identified the +0 kite shield "Ojecaw" {Harm rF- rN++
                  | Int-2} (You bought it in a shop on level 9 of the Dungeon)
 12134 | D:9      | Reached skill level 5 in Armour
 12226 | D:10     | Entered Level 10 of the Dungeon
 12556 | D:10     | Reached XP level 11. HP: 66/86 MP: 7/13
 12559 | D:10     | Reached **** piety under Okawaru
 12560 | D:10     | Reached skill level 13 in Long Blades
 13308 | D:9      | Found Juxkapel's General Store.
 13365 | D:9      | Noticed a three-headed hydra
 13436 | D:9      | Bought a potion of might for 52 gold pieces
 13436 | D:9      | Bought a scroll of revelation for 97 gold pieces
 13465 | D:9      | Killed a one-headed hydra
 13466 | D:9      | Reached skill level 5 in Throwing
 13466 | D:9      | Reached skill level 10 in Dodging
 13798 | D:11     | Noticed a two-headed ogre
 13812 | D:11     | Killed a two-headed ogre
 13942 | D:11     | Reached ***** piety under Okawaru
 14309 | D:11     | Found a staircase to the Orcish Mines.
 14487 | D:11     | Reached skill level 14 in Long Blades
 14501 | D:11     | Noticed Snorg
 14510 | D:11     | Killed Snorg
 14511 | D:11     | Reached XP level 12. HP: 69/97 MP: 8/14
 14725 | D:11     | Reached skill level 10 in Fighting
 14944 | D:11     | Identified the +3 hat "Eluzisk" {rElec}
 15941 | D:5      | Found a glowing silver altar of Zin.
 15945 | D:5      | Killed Eustachio
 16193 | D:7      | Received a gift from Okawaru
 16605 | D:7      | Found the +8 frozen axe "Frostbite" {freeze, freezing
                  | cloud, *Noise Fly rC+}
 17103 | Lair:1   | Entered Level 1 of the Lair of Beasts
 17192 | Lair:1   | Noticed a death yak
 17192 | Lair:1   | Noticed a death yak
 17193 | Lair:1   | Noticed a death yak
 17193 | Lair:1   | Noticed a death yak
 17193 | Lair:1   | Noticed a death yak
 17193 | Lair:1   | Noticed a death yak
 17225 | Lair:1   | Killed a death yak
 17418 | Lair:1   | Killed a death yak
 17424 | Lair:1   | Killed a death yak
 17692 | Lair:1   | Killed a death yak
 17692 | Lair:1   | Received a gift from Okawaru
 17813 | Lair:1   | Killed a death yak
 17814 | Lair:1   | Reached skill level 15 in Long Blades
 17814 | Lair:1   | Reached skill level 5 in Invocations
 17820 | Lair:1   | Killed a death yak
 18080 | Lair:1   | Reached XP level 13. HP: 103/103 MP: 17/17
 18561 | Lair:2   | Identified the +9 whip of Bucaips {heavy, rElec MP+9 Str-4
                  | SInv}
 18664 | Lair:2   | Received a gift from Okawaru
 18665 | Lair:2   | Found a snail-covered altar of Cheibriados.
 18760 | Lair:2   | Reached ****** piety under Okawaru
 18761 | Lair:2   | Acquired a +2 triple sword of protection
 18761 | Lair:2   | Received a gift from Okawaru
 19289 | Lair:2   | Found a staircase to the Snake Pit.
 19367 | Lair:2   | Acquired the +5 pair of boots of the Evening {Will++ rCorr}
 19367 | Lair:2   | Received a gift from Okawaru
 20015 | Lair:3   | Received a gift from Okawaru
 20123 | Lair:3   | Reached skill level 16 in Long Blades
 20524 | Lair:3   | Found a runed translucent door.
 20526 | Lair:3   | Noticed Huasawuy's ghost (journeyman TrHW)
 20921 | Lair:3   | Reached skill level 10 in Throwing
 21494 | Lair:3   | Found a staircase to the Swamp.
 21497 | Lair:3   | Received a gift from Okawaru
 21602 | Lair:4   | Reached XP level 14. HP: 86/110 MP: 15/21
 21612 | Lair:4   | Reached skill level 10 in Invocations
 21703 | Lair:4   | Noticed Ignak's ghost (journeyman GnAE)
 21735 | Lair:4   | Found a transporter.
 21949 | Lair:4   | Found a transporter.
 22225 | Lair:4   | Reached skill level 1 in Stealth
 22281 | Lair:4   | Found a viscous altar of Jiyva.
 22674 | Lair:5   | Entered Level 5 of the Lair of Beasts
 22678 | Lair:5   | Received a gift from Okawaru
 23414 | Lair:5   | Received a gift from Okawaru
 23936 | Lair:5   | Reached skill level 15 in Dodging
 24283 | Lair:5   | Reached skill level 17 in Long Blades
 24492 | Lair:5   | Reached XP level 15. HP: 102/119 MP: 23/23
 24974 | Lair:5   | Received a gift from Okawaru
 25861 | Lair:3   | Killed Huasawuy's ghost
 26294 | Orc:1    | Entered Level 1 of the Orcish Mines
 26727 | Orc:2    | Entered Level 2 of the Orcish Mines
 26752 | Orc:2    | Found a staircase to the Elven Halls.
 26856 | Orc:2    | Noticed Erolcha
 26869 | Orc:2    | Killed Erolcha
 26869 | Orc:2    | Received a gift from Okawaru
 27083 | Orc:2    | Noticed Rupert
 27095 | Orc:2    | Killed Rupert
 27702 | Orc:2    | Noticed an orc warlord
 27724 | Orc:2    | Killed an orc warlord
 27897 | Orc:2    | Found Atuenosmu's General Store.
 27898 | Orc:2    | Found Ywuomaul's Jewellery Shoppe.
 27900 | Orc:2    | Found Cestramey's Antique Armour Shoppe.
 27900 | Orc:2    | Found Ywil Kisk's Antique Weapon Emporium.
 28304 | D:12     | Found a transporter.
 28305 | D:12     | Found a transporter.
 28309 | D:12     | Found a transporter.
 28762 | D:12     | Found a transporter.
 28800 | D:12     | Received a gift from Okawaru
 28801 | D:12     | Reached skill level 18 in Long Blades
 28842 | D:12     | Noticed Nessos
 28865 | D:12     | Killed Nessos
 29049 | D:12     | Identified the +4 falchion of True Grit {flame, +Blink}
 29212 | Orc:2    | Bought a scroll of identify for 32 gold pieces
 29465 | Orc:2    | Bought a bone long sword for 153 gold pieces
 29465 | Orc:2    | Identified the +3 long sword of Eternal Harmony {freeze,
                  | rCorr Dex+2} (You bought it in a shop on level 2 of the
                  | Orcish Mines)
 29917 | D:13     | Reached XP level 16. HP: 80/130 MP: 13/24
 30115 | D:13     | Found a gate to the Vaults.
 30354 | D:13     | Received a gift from Okawaru
 31133 | D:15     | Entered Level 15 of the Dungeon
 31580 | D:15     | Received a gift from Okawaru
 32115 | D:15     | Found a staircase to the Depths.
 32387 | Snake:1  | Entered Level 1 of the Snake Pit
 32462 | Snake:1  | Received a gift from Okawaru
 32773 | Snake:1  | Found Wutoudou's Jewellery Shoppe.
 32783 | Snake:1  | Bought an amulet of regeneration for 420 gold pieces
 32798 | Snake:1  | Found Toq Jab's Jewellery Boutique.
 32798 | Snake:1  | Found Xalask's Book Emporium.
 32800 | Snake:1  | Found Noqauj's Jewellery Boutique.
 32825 | Snake:1  | Found a transporter.
 32832 | Snake:1  | Found a one-way gate to the infinite horrors of the Abyss.
 32832 | Snake:1  | Noticed TuffENuff's ghost (adept FoFi)
 32842 | Snake:1  | Noticed a nagaraja
 32849 | Snake:1  | Found a transporter.
 32853 | Snake:1  | Reached skill level 19 in Long Blades
 32995 | Snake:1  | Noticed a daeva
 34016 | Snake:2  | Received a gift from Okawaru
 34216 | Snake:2  | Reached XP level 17. HP: 74/140 MP: 25/25
 34602 | Snake:3  | Found a runed translucent door.
 34723 | Snake:3  | Found Lilon's Magic Scroll Shoppe.
 34729 | Snake:3  | Bought a scroll of acquirement for 780 gold pieces
 34729 | Snake:3  | Acquired 672 gold pieces
 34747 | Snake:3  | Received a gift from Okawaru
 34774 | Snake:3  | Identified the serpent talisman "Batuhi" {Dex+3}
 34774 | Snake:3  | Noticed Aizul
 34792 | Snake:3  | Killed Aizul
 35452 | Snake:4  | Entered Level 4 of the Snake Pit
 35752 | Arena    | Entered the Arena
 35919 | Snake:4  | Reached skill level 15 in Fighting
 36932 | Snake:4  | Reached skill level 20 in Long Blades
 37843 | Arena    | Entered the Arena
 38589 | Snake:4  | Received a gift from Okawaru
 38648 | Snake:4  | Reached XP level 18. HP: 144/150 MP: 26/26
 39402 | Snake:4  | Got a serpentine rune of Zot
 39649 | Swamp:1  | Entered Level 1 of the Swamp
 39659 | Swamp:1  | Received a gift from Okawaru
 40308 | Swamp:2  | Paralysed by a fenstrider witch for 5 turns
 40411 | Swamp:2  | Noticed a tentacled monstrosity
 40441 | Swamp:2  | Killed a tentacled monstrosity
 40665 | Swamp:2  | Received a gift from Okawaru
 41152 | Swamp:2  | Reached skill level 21 in Long Blades
 41444 | Swamp:3  | Received a gift from Okawaru
 41533 | Swamp:3  | Noticed a tentacled monstrosity
 41544 | Swamp:3  | Killed a tentacled monstrosity
 41547 | Swamp:3  | Noticed Roxanne
 41595 | Swamp:3  | Killed Roxanne
 42467 | Swamp:4  | Entered Level 4 of the Swamp
 42484 | Swamp:4  | Identified the +1 helmet "Vien Ygy" {rElec Will+ Stlth-}
 42897 | Swamp:4  | Received a gift from Okawaru
 42942 | Swamp:4  | Reached XP level 19. HP: 161/161 MP: 27/27
 43609 | Swamp:4  | Got a decaying rune of Zot
 43711 | Swamp:4  | Received a gift from Okawaru
 44067 | Elf:1    | Entered Level 1 of the Elven Halls
 44245 | Elf:1    | Found Dodoureq's Assorted Antiques.
 44251 | Elf:1    | Paralysed by an air elemental for 1 turns
 44916 | Elf:1    | Reached skill level 22 in Long Blades
 45458 | Elf:1    | Paralysed by an air elemental for 1 turns
 45468 | Elf:1    | Paralysed by an air elemental for 1 turns
 45475 | Elf:1    | Paralysed by an air elemental for 1 turns
 45595 | Elf:1    | Received a gift from Okawaru
 45818 | Elf:2    | Found Maedi's Armour Shop.
 45939 | Elf:1    | Learned a level 2 spell: Blink
 45994 | Elf:2    | Reached skill level 1 in Translocations
 46285 | Elf:2    | Found Lejec's Gadget Gallery.
 46355 | Elf:2    | Found Cocy's Magic Scroll Shoppe.
 46363 | Elf:2    | Bought a scroll of teleportation for 48 gold pieces
 46363 | Elf:2    | Bought a scroll of fear for 64 gold pieces
 46543 | Elf:2    | Found a runed translucent door.
 46570 | Elf:2    | Found a runed translucent door.
 46608 | Elf:2    | Received a gift from Okawaru
 47569 | Elf:2    | Reached XP level 20. HP: 170/170 MP: 28/28
 47880 | Elf:3    | Entered Level 3 of the Elven Halls
 47958 | Elf:3    | Found Pilasm's General Store.
 48079 | Elf:3    | Reached skill level 5 in Translocations
 48090 | Elf:3    | Received a gift from Okawaru
 49392 | Elf:3    | Reached skill level 1 in Shields
 49569 | Elf:3    | Received a gift from Okawaru
 49945 | Elf:2    | Found Cocy's Magic Scroll Shoppe.
 50023 | Elf:2    | Found a runed translucent door.
 50380 | Elf:2    | Found Maedi's Armour Shop.
 50465 | Elf:2    | Reached skill level 5 in Shields
 50734 | Elf:3    | HP: 4/153 [deep elf master archer/arrow (8)]
 51205 | Vaults:1 | Entered Level 1 of the Vaults
 51872 | Vaults:1 | Received a gift from Okawaru
 52475 | Elf:3    | Learned a level 1 spell: Apportation
 52514 | Elf:3    | Identified the +7 mace of the End {freeze, *Rage rC+++ rN+
                  | Dex+3}
 53537 | Vaults:1 | Received a gift from Okawaru
 53538 | Vaults:1 | Reached skill level 10 in Shields
 53538 | Vaults:1 | Reached XP level 21. HP: 75/168 MP: 29/29
 55466 | Vaults:2 | Identified the +2 kite shield "Ecuina" {rCorr Str+2}
 55633 | Vaults:2 | Identified the +7 flail "Zodutav" {spect, rElec rPois}
 55633 | Vaults:2 | Identified the amulet "Ristraifa" {+Inv rC+ Regen+}
 55731 | Vaults:2 | Found a crumbling gateway.
 55814 | Vaults:2 | Received a gift from Okawaru
 56192 | Vaults:2 | Found Fixanwe's General Store.
 57757 | Vaults:3 | Identified the +0 plate armour of the Swan {rC- Will+++
                  | Regen+ SInv}
 57797 | Vaults:3 | Identified the +4 scale mail of the Countless Allies {Harm
                  | rF+ Will- rCorr}
 57962 | Vaults:3 | Found Aruiwigh's Assorted Antiques.
 57978 | Vaults:3 | Received a gift from Okawaru
 57984 | Vaults:3 | Reached skill level 10 in Armour
 57997 | Arena    | Entered the Arena
 58246 | Vaults:3 | Found Ungastre's Book Shop.
 58582 | Vaults:3 | Reached XP level 22. HP: 184/184 MP: 30/30
 58827 | Vaults:3 | Found Noddig's Jewellery Shoppe.
 58851 | Vaults:3 | Found Momautou's Magic Scroll Emporium.
 58859 | Vaults:3 | Bought a scroll of blinking for 112 gold pieces
 58859 | Vaults:3 | Bought a scroll of blinking for 112 gold pieces
 58949 | Vaults:3 | Found Xinas's Assorted Antiques.
 58958 | Vaults:3 | Bought a blackened chain mail for 237 gold pieces
 58958 | Vaults:3 | Identified the +2 chain mail of Honour {Harm Int+4} (You
                  | bought it in a shop on level 3 of the Vaults)
 59156 | Vaults:3 | Found a staircase to the Crypt.
 59765 | Elf:3    | Received a gift from Okawaru
 59780 | Elf:3    | Identified the +0 plate armour of the Fae God {Dex+2}
 59780 | Elf:3    | Identified the ring "Maud" {Will++ rCorr Str-4 Int+3
                  | Slay+5}
 59989 | Elf:3    | Got the Secrets of the Fair Folk and Generation
 59998 | Elf:3    | Identified the +1 helmet "Xuggaorch" {rElec rF++}
 60652 | Vaults:4 | Noticed Saint Roka
 60930 | Vaults:4 | Killed Saint Roka
 61240 | Vaults:4 | Received a gift from Okawaru
 62401 | Vaults:5 | Entered Level 5 of the Vaults
 62401 | Vaults:5 | Noticed Jory
 63192 | Depths:1 | Entered Level 1 of the Depths
 63610 | D:15     | Received a gift from Okawaru
 64102 | Depths:1 | Reached XP level 23. HP: 150/190 MP: 31/31
 64370 | Depths:1 | Received a gift from Okawaru
 64379 | Depths:1 | Reached skill level 15 in Shields
 64531 | Depths:1 | Found a gateway to Hell.
 65348 | Depths:1 | Found a basalt altar of Yredelemnul.
 65681 | Depths:2 | Noticed Norris
 65744 | Depths:1 | Killed Norris
 65744 | Depths:1 | Received a gift from Okawaru
 66285 | Depths:2 | Identified the ring of the Catfish {Ice Will+ Dex+5}
 66285 | Depths:2 | Noticed Josephina
 66455 | Depths:2 | Killed Josephina
 66748 | Depths:2 | Found a one-way gate leading to the halls of Pandemonium.
 66827 | Depths:2 | Reached skill level 15 in Armour
 66871 | Depths:2 | Identified the +0 chain mail of Good Intentions {^Drain rN+
                  | Stlth+}
 67312 | Depths:2 | Found Fuodonn's Assorted Antiques.
 67355 | Depths:2 | Bought a blue potion for 42 gold pieces
 67356 | Depths:2 | Found Litebboe's Antique Weapon Shoppe.
 67725 | Vaults:3 | Bought a scroll of identify for 30 gold pieces
 68062 | Depths:2 | Received a gift from Okawaru
 69278 | Depths:3 | Found Tokoyo's Dragon-Slaying Spoils.
 69816 | Depths:3 | Reached XP level 24. HP: 184/197 MP: 31/31
 69844 | Depths:3 | Acquired a manual of Long Blades
 69914 | Depths:3 | Noticed a juggernaut
 69928 | Depths:3 | Killed a juggernaut
 69928 | Depths:3 | Received a gift from Okawaru
 70449 | Depths:4 | Entered Level 4 of the Depths
 70709 | Depths:4 | Identified the amulet of the Marlin {Spirit Int+2}
 70746 | Depths:4 | Found Feogyroj's Antique Armour Shoppe.
 70750 | Depths:4 | Bought brightly glowing fire dragon scales for 2145 gold
                  | pieces
 70750 | Depths:4 | Identified the +0 fire dragon scales "Gonoi" {rF++ rC- rN+
                  | SInv} (You bought it in a shop on level 4 of the Depths)
 71117 | Depths:4 | Found a gate to the Realm of Zot.
 71139 | Depths:4 | Received a gift from Okawaru
 71354 | Depths:4 | Found a one-way gateway to a ziggurat.
 72117 | Lair:4   | Found a staircase to the Slime Pits.
 72200 | Slime:1  | Entered Level 1 of the Pits of Slime
 72216 | Slime:1  | Gained mutation: Your flesh is cold resistant. (rC+) [a
                  | shining eye]
 72227 | Lair:4   | Paralysed by a formless jellyfish for 1 turns
 73033 | Slime:3  | Gained mutation: You are dopey. (Int -2) [a shining eye]
 73769 | Slime:4  | Gained mutation: You are frail. (-10% HP) [a shining eye]
 73864 | Slime:4  | Received a gift from Okawaru
 74423 | Slime:5  | Entered Level 5 of the Pits of Slime
 74440 | Slime:5  | Gained mutation: You occasionally lose the ability to read
                  | scrolls when taking damage. [a shining eye]
 74503 | Slime:5  | Noticed the Royal Jelly
 74517 | Slime:5  | Killed the Royal Jelly
 74518 | Slime:5  | Reached skill level 15 in Throwing
 74684 | Slime:5  | Got Nodu's Teachings on Congelation
 74710 | Slime:5  | Identified the +2 cloak "Kaxta" {+Inv rF++ Str-3 Int+3}
 75038 | Slime:5  | Identified the ring "Jezor" {Dex+2 SInv}
 75127 | Slime:5  | Identified the +0 long sword "Potrir" {flame, rElec rN+}
 75139 | Slime:5  | Received a gift from Okawaru
 75151 | Slime:5  | Identified the +0 pair of gloves of the Curious Continents
                  | {rF+}
 75164 | Slime:5  | Identified the +7 great mace of Raiv {flame, rElec rPois
                  | rC-}
 75177 | Slime:5  | Identified the +2 sling "Luenas" {freeze, rN+}
 75180 | Slime:5  | Got a slimy rune of Zot
 75206 | Slime:5  | Identified the +7 war axe of Wuonk {freeze, rCorr Str-5
                  | SInv}
 75475 | Slime:5  | Gained mutation: Your health recovers twice as slowly from
                  | being drained. [a shining eye]
 75747 | Lair:4   | Lost mutation: You are dopey. (Int -2) [potion of mutation]
 75747 | Lair:4   | Lost mutation: You occasionally lose the ability to read
                  | scrolls when taking damage. [potion of mutation]
 75747 | Lair:4   | Lost mutation: You are frail. (-10% HP) [potion of
                  | mutation]
 75747 | Lair:4   | Gained mutation: You are agile. (Dex +4, Str/Int -1)
                  | [potion of mutation]
 75747 | Lair:4   | Gained mutation: You sometimes lose your temper in combat.
                  | [potion of mutation]
 75747 | Lair:4   | Gained mutation: You occasionally shout uncontrollably at
                  | your foes. [potion of mutation]
 75747 | Lair:4   | Gained mutation: You have a somewhat thin skeletal
                  | structure. (Dex +2, Stealth+) [potion of mutation]
 76161 | Zot:1    | Entered Level 1 of the Realm of Zot
 76629 | Crypt:1  | Entered Level 1 of the Crypt
 76629 | Crypt:1  | Noticed Grunn
 76792 | Crypt:1  | Killed Grunn
 76877 | Crypt:1  | You fall into a shaft and drop 1 floor!
 77562 | Crypt:1  | Reached XP level 25. HP: 169/184 MP: 31/31
 79199 | Crypt:2  | Received a gift from Okawaru
 79266 | Crypt:2  | Identified the +1 war axe of the Feeding Seer {flame, *Rage
                  | rElec Dex+6 SInv}
 79901 | Crypt:3  | Entered Level 3 of the Crypt
 80749 | Crypt:3  | Found a staircase to the Tomb.
 81812 | Crypt:3  | Noticed Zenata
 81977 | Crypt:3  | Received a gift from Okawaru
 81997 | Crypt:3  | Killed Zenata
 82785 | Crypt:3  | Noticed an ancient lich
 82835 | Crypt:3  | Killed an ancient lich
 82880 | Crypt:3  | Identified the +9 battleaxe of the Shoals {pain, ^Contam
                  | rC+ Will+ Dex+8}
 82881 | Crypt:3  | Identified the ring of Elitism {rN+ Int+2}
 82881 | Crypt:3  | Identified the ring of Lugonu's Scorn {rElec rPois rN+
                  | Int+3 Stlth+}
 82887 | Crypt:3  | Got the Almanac of Wicked Deeds
 84745 | Zot:1    | Received a gift from Okawaru
 85442 | Zot:1    | Reached XP level 26. HP: 211/211 MP: 31/31
 85520 | Zot:1    | Found the +3 warlock's mirror {omnireflect}
 85983 | Zot:1    | Received a gift from Okawaru
 86776 | Zot:2    | Noticed Parghit
 87096 | Zot:2    | Killed Parghit
 87096 | Zot:2    | Received a gift from Okawaru
 88445 | Zot:2    | You fall into a shaft and drop 1 floor!
 88470 | Zot:3    | Received a gift from Okawaru
 88903 | Zot:3    | Noticed an orb of fire
 88914 | Zot:3    | Killed an orb of fire
 88930 | Zot:3    | Reached skill level 10 in Translocations
 89028 | Zot:3    | Found a transporter.
 89094 | Zot:3    | Found a transporter.
 89096 | Zot:3    | Found a transporter.
 89096 | Zot:3    | Found a transporter.
 89420 | Zot:3    | Found a runed translucent door.
 89422 | Zot:3    | Noticed Sofait's ghost (legendary GnFE)
 90021 | Zot:3    | Received a gift from Okawaru
 90673 | Arena    | Entered the Arena
 91436 | Zot:4    | Reached XP level 27. HP: 219/219 MP: 31/31
 91688 | Zot:5    | Entered Level 5 of the Realm of Zot
 91720 | Zot:5    | Reached skill level 1 in Short Blades
 91823 | Zot:5    | Received a gift from Okawaru
 92330 | Zot:5    | Noticed a dread lich
 92346 | Zot:5    | Killed a dread lich
 92347 | Zot:5    | Reached skill level 23 in Long Blades
 92388 | Zot:5    | Noticed an orb of fire
 92408 | Zot:5    | Gained mutation: You are frail. (-10% HP) [an orb of fire]
 92411 | Zot:5    | Killed an orb of fire
 92412 | Zot:5    | Noticed a dread lich
 92475 | Zot:5    | Noticed an orb of fire
 92746 | Zot:5    | Noticed an orb of fire
 92760 | Zot:5    | Killed an orb of fire
 92767 | Zot:5    | Killed a dread lich
 92858 | Zot:5    | Noticed a dread lich
 92861 | Zot:5    | Noticed an ancient lich
 93241 | Zot:5    | Noticed an ancient lich
 93249 | Zot:5    | Killed an ancient lich
 93270 | Zot:5    | Gained mutation: Your spells are a little easier to cast,
                  | but a little less powerful. [an orb of fire]
 93271 | Zot:5    | Killed an orb of fire
 93425 | Zot:5    | Noticed an orb of fire
 93676 | Zot:5    | Killed a dread lich
 93686 | Zot:5    | Noticed an orb of fire
 93689 | Zot:5    | Lost mutation: You are agile. (Dex +4, Str/Int -1) [an orb
                  | of fire]
 93693 | Zot:5    | Gained mutation: You frequently scream uncontrollably at
                  | your foes. [an orb of fire]
 93698 | Zot:5    | Killed an orb of fire
 93758 | Zot:5    | Killed an ancient lich
 93921 | Zot:5    | Noticed a dread lich
 93921 | Zot:5    | Noticed an ancient lich
 93921 | Zot:5    | Noticed an orb of fire
 94207 | Zot:5    | Killed an orb of fire
 94504 | Zot:5    | Killed an ancient lich
 94833 | Zot:5    | Reached skill level 24 in Long Blades
 94870 | Zot:5    | Gained mutation: You are dopey. (Int -2) [an orb of fire]
 94879 | Zot:5    | Killed an orb of fire
 95021 | Zot:5    | Received a gift from Okawaru
 95201 | Zot:5    | Killed a dread lich
 95477 | Zot:5    | Got the Orb of Zot
 95503 | Zot:5    | Lost mutation: Your health recovers twice as slowly from
                  | being drained. [potion of mutation]
 95503 | Zot:5    | Lost mutation: Your flesh is cold resistant. (rC+) [potion
                  | of mutation]
 95503 | Zot:5    | Lost mutation: Your spells are a little easier to cast, but
                  | a little less powerful. [potion of mutation]
 95503 | Zot:5    | Lost mutation: You sometimes lose your temper in combat.
                  | [potion of mutation]
 95503 | Zot:5    | Gained mutation: You are very dopey. (Int -4) [potion of
                  | mutation]
 95606 | Zot:3    | Noticed Amoenn the pandemonium lord
 95677 | Zot:2    | Noticed Qoxitiow the pandemonium lord
 95801 | Depths:4 | Noticed Ahan Pat the pandemonium lord
 95835 | Depths:4 | Killed Ahan Pat the pandemonium lord
 96386 | D:5      | Noticed Rerek the pandemonium lord
 96403 | D:5      | Gained mutation: You are very frail. (-20% HP) [a neqoxec]
 96484 | D:$      | Escaped with the Orb!

Illustrated notes

Levels and vault maps discovered:
D:1:      onia_arrival_pyramid, layout_rooms, serial_glass, glass_columns_b,
          glass_columns_b, glass_columns_c, glass_columns_b, glass_columns_c,
          glass_columns_b, glass_columns_a, glass_columns_a, glass_columns_c,
          glass_columns_c, serial_shops, shop_statue, reono_crystal_passage
D:2:      wander_river, layout_basic, dreamdust_princess_bridge
D:3:      layout_basic, glass_columns_b, minmay_misc_feat_enclosed,
          nicolae_grassy_gnolls, uniq_jessica
D:4:      layout_basic, fedhas_altar_decomposition, grunt_gozag_statues,
          nicolae_overflow_two_pavilions, minmay_temple_entry_trees,
          uniq_crazy_yiuf_cottage
D:5:      layout_basic, lemuel_coloured_pillars_altar, uniq_eustachio
D:6:      cheibrodos_quashed, layout_loops_corners, lemuel_crystal_altar,
          st_stairs_11, uniq_grinder
D:7:      layout_cave_pods, gammafunk_ghost_split,
          hellmonk_guarded_unrand_frostbite
D:8:      layout_loops_ring, nicolae_sif_muna_little_library, lair_entry_dummy,
          nicolae_letterblocks [nicolae_letter_subblock,
          nicolae_letter_subblock, nicolae_letter_subblock,
          nicolae_letter_subblock, nicolae_letter_subblock,
          nicolae_letter_subblock, nicolae_letter_subblock,
          nicolae_letter_subblock, nicolae_letter_subblock,
          nicolae_letter_subblock, nicolae_letter_subblock,
          nicolae_letter_subblock, nicolae_letter_subblock,
          nicolae_letter_subblock, nicolae_letter_subblock,
          nicolae_letter_subblock, nicolae_letter_subblock,
          nicolae_letter_subblock, nicolae_letter_subblock,
          nicolae_letter_subblock, nicolae_letter_subblock,
          nicolae_letter_subblock, nicolae_letter_subblock,
          nicolae_letter_subblock, nicolae_letter_subblock], uniq_maurice,
          uniq_maggie
D:9:      layout_small_grid, serial_shops, nicolae_shop_window_shopping, shop,
          nicolae_shop_waterfront, shop, enter_bailey_3, chequers_jeans,
          hangedman_ranch
D:10:     layout_basic, small_statue_intersection
D:11:     layout_roguey, david_orc_5, hex_intersection, hangedman_minor_magic,
          uniq_snorg
D:12:     layout_irregular_city, nicolae_transporter_circle, uniq_nessos
D:13:     layout_basic, grunt_vaults_entry_fortified
D:14:     layout_roguey
D:15:     gammafunk_enter_depths_forms, layout_basic, amcnicky_mini_pool_small
Temple:   hellmonk_temple_divided_pantheon
Lair:1:   layout_long_grid, infiniplex_staircase_pool
Lair:2:   layout_hall_layers, alex1729_snake_entry_snake, roderic_batcave,
          kennysheep_snail_temple, grunt_megastairs_3
Lair:3:   layout_regular_city, nicolae_swamp_entry_splash_gauntlet,
          hellmonk_ghost_happy_afterlife, nicolae_lair_grove_arrangements,
          chequers_serial_rivers_large_b, serial_bayou_lagoon_b
Lair:4:   layout_regular_city, minmay_slime_entry_oklob_enclosed,
          gammafunk_ghost_arena
Lair:5:   wormcave, layout_small_grid, guppyfry_lair_end_dragon,
          grunt_megastairs_5, serial_bayou_shore_b
Swamp:1:  layout_basic_swamp, hangedman_swamp_ruin_wall,
          nicolae_swamp_decorative_isthmus
Swamp:2:  nzn_winding_woodlands_three_and_one
          [nzn_winding_woodlands_5x15_river_crossing,
          nzn_winding_woodlands_5x15_zeroes, nzn_winding_woodlands_5x15_jagged,
          nzn_winding_woodlands_center_garden], layout_basic_swamp
Swamp:3:  layout_basic_swamp, evilmike_swamp_ruin_house_4, uniq_roxanne
Swamp:4:  swamp_fiery, layout_basic_swamp, swamp_pool_4
Snake:1:  layout_concentric_octagons, serial_shops, shop,
          gammafunk_ghost_abyssal_escape, minmay_shop_grove, grunt_megastairs_2
Snake:2:  layout_onion, st_stairs_5, hangedman_snake_pattern,
          nicolae_snake_bzzzt
Snake:3:  layout_grid_shapes, serial_shops, shop, lightli_airlock, uniq_aizul
Snake:4:  snake_pit_salamanders_mu, layout_cave_town,
          hangedman_snake_corridor_split
Slime:1:  layout_caves
Slime:2:  layout_caves, nicolae_slime_barrier
Slime:3:  layout_caves, nicolae_slime_phagocytosis
Slime:4:  layout_caves, cheibrodos_slime_lost_civilization_6
Slime:5:  slime_pit_nicolae_jellycorners
Orc:1:    layout_caves, basic_altar
Orc:2:    st_orc_congregation, layout_diamond_mine, uniq_rupert, uniq_erolcha
Elf:1:    eino_elf_arrival_customs, layout_rooms, serial_shops, shop,
          minmay_elf_crystal_hexagon, nicolae_elf_loose_elemental_storage
Elf:2:    nicolae_elf_blades_splatter_lattice
          [nicolae_blade_entry_splitting_headache], layout_geoelf_octagon,
          serial_shops, shop, shop, nicolae_shop_gadgets
Elf:3:    minmay_elf_hall_curves, layout_loops_ring, serial_shops,
          nicolae_shop_waterfront
Vaults:1: nicolae_vaults_little_squares_5, nicolae_vaults_double_plus_2,
          grunt_vaults_diagonal, nicolae_vaults_shrinking_rooms_2,
          nicolae_vaults_trapezoid_layered, vaults_dpeg_doors, v_pattern_1,
          vaults_room_grunt_arrival_ludios, nicolae_vaults_tetromino_L_1,
          vaults_room_large_hall, nicolae_vaults_house_1, v_misc_11,
          nicolae_vaults_layer_cake_slice, layout_vaults_omnicross
Vaults:2: portal_desolation_entry_twin_temple, dpeg_vaults_monster_row,
          nicolae_vaults_whirlpool_walls, nicolae_vaults_lightning_bolt,
          nicolae_vaults_trapezoid_2, vaults_room_fancy_cross,
          nicolae_vaults_what_the_h, nicolae_vaults_house_1,
          layout_vaults_big_room, serial_shops, nicolae_shop_stone
Vaults:3: nicolae_vaults_heart-shaped_vault, nicolae_vaults_little_squares_2,
          hangedman_vaults_slice, vaults_room_boxed,
          minmay_crypt_entry_skeletal_spiral, v_misc_12,
          nicolae_vaults_double_plus_1, nicolae_vaults_turnstiles,
          layout_vaults_quadrants, serial_shops,
          nicolae_shop_temple_entry_statues_fountains,
          nicolae_shop_just_a_little_nook, nicolae_shop_tiny_glass,
          nicolae_shop_real_fake_doors, shop
Vaults:4: v_misc_19, hangedman_vaults_capsules, vaults_dpeg_hooks,
          nicolae_vaults_back_hallway, v_rooms_4, nicolae_vaults_trapezoid_2,
          v_misc_16, nicolae_vaults_angled_halls, hangedman_vaults_maws,
          ontoclasm_vaults_spin, v_misc_13, kb_rosetta, layout_vaults_omnibox,
          uniq_saint_roka
Vaults:5: uniq_jory
Crypt:1:  layout_catacombs, nicolae_crypt_diagonal_loculi,
          grunt_crypt_arrival_webbed, uniq_grunn
Crypt:2:  layout_regular_city, lemuel_dead_fish_pool
Crypt:3:  david_glass_crypt, layout_misc_corridors,
          nicolae_crypt_deepening_niches, uniq_zenata
Depths:1: layout_gridlike, corexii_corridor_pit, grunt_mini_vestibule,
          nicolae_danse_macabre
Depths:2: cheibrodos_birdhouse, layout_honeycomb, pan_entry,
          abyss_entry_crystal, hell_entry, minmay_shoptagon, uniq_josephina,
          uniq_norris
Depths:3: nicolae_terramorphic_expanse [nicolae_terramorphic_quarter,
          nicolae_terramorphic_quarter, nicolae_terramorphic_quarter,
          nicolae_terramorphic_quarter, nicolae_terramorphic_quarter,
          nicolae_terramorphic_biome, nicolae_terramorphic_biome,
          nicolae_terramorphic_biome, nicolae_terramorphic_biome],
          layout_cave_shapes, pan_entry, abyss_entry, patterned_corridor,
          hell_entry, nicolae_shop_dragon_depot, kennysheep_just_a_vault
Depths:4: grunt_zot_entry_tricorne, layout_honeycomb, enter_ziggurat_f,
          hell_entry, grunt_decor_fettered, grunt_pan_entry_spiral,
          minmay_shop_star
Zot:1:    layout_gridlike, grunt_ministairs_5, st_small_dragon_hoard_4,
          zot_minivault_1
Zot:2:    layout_basic, uniq_parghit
Zot:3:    layout_cathedral_of_symmetry, ebering_ghost_inner_flame,
          regret_index_zotdec_iron_s, nicolae_diode_intersection
Zot:4:    layout_concentric_octagons
Zot:5:    layout_misc_corridors

Skill      XL: |  1  2  3  4  5  6  7  8  9 10 11 12 13 14 15 16 17 18 19 20 21 22 23 24 25 26 27 |
---------------+----------------------------------------------------------------------------------+-----
Long Blades    | 4 5 6 7 9 10 11 12 14 15 16 17 18 19 20 21 22 24 | 24.5
Dodging        | 5 6 7 8 9 11 13 14 15 16 18 19 21 22 | 22.0
Invocations    | 3 5 9 11 | 11.0
Armour         | 1 4 5 6 8 10 13 16 17 18 | 18.8
Fighting       | 3 6 8 9 10 11 13 14 15 17 18 19 | 19.6
Throwing       | 3 6 8 10 12 13 14 16 20 21 | 21.1
Stealth        | 4 |  4.0
Translocations | 4 6 12 | 12.0
Shields        | 10 12 14 15 16 | 16.6
Short Blades   | 2 |  2.0
Shapeshifting  | |  0.8

Action                     |  1- 3 |  4- 6 |  7- 9 | 10-12 | 13-15 | 16-18 | 19-21 | 22-24 | 25-27 || total
---------------------------+-------+-------+-------+-------+-------+-------+-------+-------+-------++-------
  Melee: Long sword        |   139 |   207 |   389 |    33 |     9 |     4 |       |       |       ||   781
         Tailslap          |     4 |     1 |       |    24 |    22 |    52 |    15 |     7 |       ||   125
         Punch             |     1 |     1 |     9 |     1 |     1 |     1 |       |       |       ||    14
         Great sword       |       |       |    13 |   486 |    44 |       |       |       |       ||   543
         Triple sword      |       |       |       |       |  1043 |  1227 |   928 |       |       ||  3198
         Scimitar          |       |       |       |       |       |    20 |    39 |       |       ||    59
         Double sword      |       |       |       |       |       |       |   572 |  1598 |  1887 ||  4057
         Demon blade       |       |       |       |       |       |       |       |   417 |       ||   417
  Throw: Throwing net      |       |     2 |     2 |     1 |       |       |       |       |       ||     5
         Boomerang         |       |       |    22 |    54 |   209 |   212 |   169 |    93 |    15 ||   774
         Dart              |       |       |       |    10 |    22 |     5 |       |       |       ||    37
         Javelin           |       |       |       |       |     6 |       |    16 |    26 |    54 ||   102
   Cast: Apportation       |       |       |       |       |       |       |     3 |       |     1 ||     4
         Blink             |       |       |       |       |       |       |     3 |     1 |     3 ||     7
 Invoke: Heroism           |       |       |     7 |    11 |     5 |     7 |     3 |     2 |     7 ||    42
         Receive Weapon    |       |       |       |       |     1 |       |       |       |       ||     1
         Receive Armour    |       |       |       |       |     1 |       |       |       |       ||     1
         Finesse           |       |       |       |       |     3 |     4 |     3 |     2 |    15 ||    27
         Duel              |       |       |       |       |       |     2 |     1 |       |     1 ||     4
  Evoke: Wand              |       |       |       |       |    15 |       |     1 |       |     2 ||    18
    Use: Scroll            |       |     4 |     6 |     3 |     9 |    11 |     8 |    14 |    13 ||    68
         Potion            |       |       |     5 |     1 |     1 |     4 |     3 |     4 |     6 ||    24
   Stab: Sleeping          |       |     2 |     2 |     4 |     9 |     7 |       |     2 |     4 ||    30
         Distracted        |       |       |     2 |       |     1 |     4 |     1 |       |     1 ||     9
         Fleeing           |       |       |       |       |       |       |     1 |       |       ||     1
 Armour: Leather armour    |    46 |       |       |       |       |       |       |       |       ||    46
         Ring mail         |    32 |   108 |   164 |   189 |   547 |   685 |   628 |       |       ||  2353
         Skin              |       |       |   111 |    42 |       |       |       |       |       ||   153
         Acid dragon scale |       |       |       |    20 |       |       |       |       |       ||    20
         Steam dragon scal |       |       |       |     3 |       |       |       |       |       ||     3
         Swamp dragon scal |       |       |       |       |       |       |   139 |   173 |       ||   312
         Plate armour      |       |       |       |       |       |       |       |   354 |       ||   354
         Ice dragon scales |       |       |       |       |       |       |       |   131 |       ||   131
         Fire dragon scale |       |       |       |       |       |       |       |   256 |   963 ||  1219
  Dodge: Dodged            |   137 |   124 |   210 |   354 |  1148 |  1486 |  1339 |  1053 |  1364 ||  7215
  Block: Kite shield       |       |       |       |       |       |       |   308 |  1512 |  1560 ||  3380
         Reflection        |       |       |       |       |       |       |       |       |    22 ||    22
